AoeStats
← Sim90

Arabian Desert

508836977Analyzed
1v1 RM · 8d ago on Sep 24, 2026· 56m 18s· 2 players
Game mode
Random Map
Map size
Tiny (2 player)
Population
200
Speed
Normal
Resources
Standard
Victory
Conquest
Starting age
Dark Age
Ending age
Imperial Age
RankedLock teamsTeams togetherTeam positionsShared explorationLock speedFull tech treeHidden civsTurbo modeCheats
Victory
Defeat
🇦🇺 Cumans · Australia
840
+18
🇩🇪 Bengalis · Germany
893
-18
Sim90
7:04 Loom
9:52 Feudal Age
10:27 Man-at-Arms
11:05 Double-Bit Axe
16:24 Town Watch
18:18 Wheelbarrow
24:04 Castle Age
25:50 Capped Ram
31:23 Town Patrol
35:30 Imperial Age
35:26 Bow Saw
36:09 Steppe Husbandry
38:22 Atonement
43:29 Scale Mail Armor
43:40 Forging
43:19 Pikeman
44:01 Squires
43:25 Elite Kipchak
44:41 Hoardings
45:01 Devotion
45:54 Onager
45:55 Siege Ram
46:02 Halberdier
48:25 Iron Casting
48:05 Chain Mail Armor
47:45 Siege Onager
49:13 Fletching
50:24 Blast Furnace
51:12 Bodkin Arrow
52:39 Bloodlines
51:50 Light Cavalry
52:37 Scale Barding Armor
53:38 Hussar
55:52 Chain Barding Armor
lekermit
7:48 Loom
9:50 Feudal Age
10:39 Double-Bit Axe
13:25 Horse Collar
15:10 Wheelbarrow
18:51 Castle Age
17:58 Fletching
18:08 Padded Archer Armor
18:42 Man-at-Arms
21:16 Stone Mining
22:18 Forging
24:18 Bloodlines
24:02 Gold Mining
27:44 Redemption
30:47 Sanctity
32:05 Town Watch
33:33 Devotion
35:04 Ballistics
36:45 Atonement
40:06 Imperial Age
40:02 Fervor
41:09 Forging
41:05 Scale Barding Armor
42:56 Illumination
43:15 Theocracy
43:11 Illumination
45:24 Faith
45:21 Hand Cart
45:07 Town Patrol
46:16 Murder Holes
46:36 Fortified Wall
48:25 Hand Cart
48:41 Bodkin Arrow
48:52 Husbandry
48:14 Light Cavalry
49:57 Guard Tower
52:05 Block Printing
54:15 Iron Casting
54:00 Chain Barding Armor
55:32 Heavy Plow
Connection lost

Rejoining the realm…

Still unreachable

The connection could not be restored.

Session expired

The server has moved on; the page needs a fresh start.